 Dungeon Crawl Stone Soup version 0.21-a0-150-gc243083 (console) character file.

2298 Duffy the Fighter (level 9, -4/86 HPs)
             Began as a Formicid Wanderer on July 28, 2017.
             Was an Initiate of Gozag.
             Slain by drasked's ghost (15 damage)
             ... on level 6 of the Dungeon.
             The game lasted 00:15:10 (8609 turns).

Duffy the Fighter (Formicid Wanderer)               Turns: 8609, Time: 00:15:11

Health: -4/86      AC:  7    Str: 23    XL:     9   Next: 67%
Magic:  9/9        EV: 10    Int: 15    God:    Gozag
Gold:   219        SH:  0    Dex:  9    Spells: 8/8 levels left

rFire    . . .     SeeInvis +   i - +2 spear (venom)
rCold    . . .     Gourm    .   (no shield)
rNeg     . . .     Faith    .   c - +0 ring mail
rPois    .         Spirit   .   (helmet unavailable)
rElec    .         Reflect  .   x - +0 cloak
rCorr    .         Harm     +   (no gloves)
MR       +....                  (no boots)
Stlth    +.........             y - amulet of harm
HPRegen  0.24/turn              z - +1 ring of protection
MPRegen  0.11/turn              C - ring of protection from magic

@: mighty, very slightly contaminated, invisible
A: permanent stasis, dig shafts and tunnels, four strong arms, antennae 3
a: Dig, Shaft Self, Potion Petition, Call Merchant, Bribe Branch, Renounce
Religion


You were on level 6 of the Dungeon.
You worshipped Gozag.
Gozag was aware of your devotion.
You were not hungry.

You visited 2 branches of the dungeon, and saw 7 of its levels.
You also visited: Sewer.

You collected 302 gold pieces.
You paid 83 gold pieces to Gozag.

Inventory:

Hand Weapons
 a - a +2 dagger
 d - a +0 short sword
 g - a +0 war axe
 i - a +2 spear of venom (weapon)
 k - a +0 hand axe
Armour
 c - a +0 ring mail (worn)
 x - a +0 cloak (worn)
Jewellery
 e - an uncursed ring of protection from cold
 y - an amulet of harm (around neck)
 z - a +1 ring of protection (left hand)
 C - a ring of protection from magic (right hand)
Wands
 h - a wand of iceblast (4/15)
Scrolls
 b - 2 scrolls of fear
 l - a scroll of enchant weapon {unknown}
 q - 5 scrolls of remove curse
 v - a scroll of fog
 w - a scroll of brand weapon {unknown}
 A - 2 scrolls of enchant armour {unknown}
 B - a scroll of magic mapping {unknown}
Potions
 j - 2 potions of resistance {unknown}
 n - 2 potions of curing
 o - a potion of berserk rage {unknown}
 p - a potion of ambrosia {unknown}
 r - a potion of flight {unknown}
 u - 2 potions of magic {unknown}
 D - a potion of degeneration {unknown}
 E - a potion of cancellation {unknown}
Comestibles
 f - 2 bread rations
 s - 3 meat rations
 F - 2 fruits


   Skills:
 + Level 13.8 Fighting
 - Level 1.0 Short Blades
 - Level 2.1 Armour
 - Level 1.2 Stealth
   Level 1.2 Shields


You had 8 spell levels left.
You didn't know any spells.

Dungeon Overview and Level Annotations

Branches:
Dungeon (6/15)             Temple (1/1) D:5

Altars:
Ashenzari
Cheibriados
Dithmenos
Elyvilon
Gozag
Hepliaklqana
Kikubaaqudgha
Makhleb
Nemelex Xobeh
Okawaru
Ru
Sif Muna
Trog
Uskayaw
Vehumet
Wu Jian
Yredelemnul
Zin
The Shining One

Annotations:
D:3 wazuzu's ghost, amateur DsMo
D:6 drasked's ghost, novice TrMo


Innate Abilities, Weirdness & Mutations

You cannot be hasted, slowed, berserked, paralysed or teleported.
You can dig through walls and to a lower floor.
Your four strong arms can wield two-handed weapons with a shield.
You have a pair of large antennae on your head. (SInv)


Message History

You are too injured to fight recklessly!
You are too injured to fight recklessly!
You are too injured to fight recklessly!
You are too injured to fight recklessly!
You fade into invisibility!
Drasked's ghost hits you but does no damage.
You are very lightly contaminated with residual magic.
You feel very mighty all of a sudden.
Drasked's ghost hits you but does no damage.
You puncture drasked's ghost!
Drasked's ghost is moderately damaged.
Drasked's ghost hits you!!
You hit drasked's ghost.
Drasked's ghost is moderately damaged.
Drasked's ghost hits you.
You puncture drasked's ghost!
Drasked's ghost is heavily damaged.
Drasked's ghost hits you!
You die...
Your body crumbles into a pile of gold.

# #.##.#.# #..... #
#.#....######..#.# #
#..............#.#
###.......#........##
#..................###..
###.......## #..........
...#.....## #.Z...W....
........## ##W##.###.#
.#.###.## #@# .. .#.# ##
#.# ## ...# #.#### .###
#....# $ .# ####.# .#
#.# .# ######### #.# .#
#.......# ###.######.
.###.#####.#
##..........


You could see drasked's ghost and an adder zombie.

Vanquished Creatures
  A two-headed ogre (D:4)
  A water moccasin (D:5)
  Duvessa (D:5)
  An ice beast (D:5)
  A phantom (D:4)
  A centaur (D:5)
  Dowan (D:5)
  A water moccasin skeleton (D:5)
  A scorpion (D:5)
  3 crimson imps (D:5)
  2 hounds
  A jelly (D:5)
  8 orc priests
  2 iguanas
  10 orc wizards
  2 worker ants
  3 gnolls
  6 adders
  3 river rats (Sewer)
  2 worms
  An adder skeleton (D:4)
  A dart slug (D:1)
  14 orcs
  3 ball pythons (Sewer)
  5 giant cockroaches
  9 goblins
  8 hobgoblins
  9 jackals
  7 kobolds
  4 quokkas
  6 bats
  12 frilled lizards
  A jackal zombie (D:5)
  10 rats
141 creatures vanquished.

Notes
Turn   | Place    | Note
-------+----------+-------------------------------------------
     0 | D:1      | Duffy the Formicid Wanderer began the quest for the Orb.
     0 | D:1      | Duffy set off with: a +2 dagger, a scroll of fear, a +0 ring mail, a +0 short sword, a bread ration
     0 | D:1      | Reached XP level 1. HP: 21/21 MP: 1/1
   241 | D:1      | Reached XP level 2. HP: 25/28 MP: 2/2
   520 | D:1      | Reached skill level 6 in Fighting
  1295 | D:2      | Reached XP level 3. HP: 34/34 MP: 3/3
  1728 | D:2      | Reached XP level 4. HP: 41/41 MP: 4/4
  2156 | D:3      | Found a sacrificial altar of Ru.
  2161 | D:3      | Noticed wazuzu's ghost (amateur DsMo)
  2668 | D:3      | Reached skill level 7 in Fighting
  2697 | D:2      | Reached XP level 5. HP: 42/48 MP: 5/5
  3395 | D:4      | Reached skill level 8 in Fighting
  3395 | D:4      | Reached XP level 6. HP: 54/56 MP: 6/6
  3399 | D:4      | Noticed a two-headed ogre
  3414 | D:4      | Noticed a phantom
  3429 | D:4      | Killed a two-headed ogre
  3429 | D:4      | Reached skill level 10 in Fighting
  3429 | D:4      | Reached XP level 7. HP: 18/67 MP: 7/7
  3429 | D:4      | Reached XP level 8. HP: 20/74 MP: 8/8
  3698 | D:4      | Reached skill level 11 in Fighting
  3758 | D:4      | Found a glowing drain.
  3768 | Sewer    | Entered a sewer
  5287 | D:5      | Entered Level 5 of the Dungeon
  5287 | D:5      | Noticed Dowan
  5288 | D:5      | Noticed Duvessa
  5339 | D:5      | Killed Duvessa
  5339 | D:5      | Reached skill level 12 in Fighting
  5345 | D:5      | Killed Dowan
  5810 | D:5      | Reached XP level 9. HP: 35/83 MP: 9/9
  6537 | D:5      | Reached skill level 13 in Fighting
  7824 | D:5      | Found a staircase to the Ecumenical Temple.
  7834 | Temple   | Entered the Ecumenical Temple
  8064 | Temple   | Became a worshipper of Gozag Ym Sagoz the Greedy
  8169 | D:6      | Found a shadowy altar of Dithmenos.
  8170 | D:6      | Found a burning altar of Makhleb.
  8225 | D:6      | Found a sparkling altar of Nemelex Xobeh.
  8595 | D:6      | Noticed drasked's ghost (novice TrMo)
  8609 | D:6      | Slain by drasked's ghost

Vault maps used:
D:1:      lemuel_arrival_tunnels
D:3:      nicolae_ru_great_annihilating_truth
D:4:      portal_sewer_entry_d, first_bread
D:5:      temple_hall, uniq_duvessa
D:6:      gammafunk_temple_overflow_statue, nemelex_xobeh_ov_fountains_minmay,
          fedhas_altar_decomposition, gammafunk_temple_overflow_pools,
          serial_shops, nicolae_shop_trees, serial_bayou_lake_a
Temple:   regret_index_temple_generic_petals
Sewer:    sewer_co_cracked_pipes

Skill      XL: |  1  2  3  4  5  6  7  8  9 |
---------------+----------------------------+-----
Fighting       | 6 7 8 10 12 13 | 13.8
Short Blades   | |  1.0
Armour         | |  2.1
Stealth        | |  1.2
Shields        | |  1.2

Action                   |  1- 3 |  4- 6 |  7- 9 || total
-------------------------+-------+-------+-------++-------
Melee: Dagger            |    57 |       |       ||    57
       Spear             |    47 |   142 |   331 ||   520
 Abil: Dig               |     1 |     3 |     7 ||    11
  Use: Scroll            |     4 |     2 |     3 ||     9
       Potion            |       |     1 |     4 ||     5
 Stab: Paralysed         |       |     1 |       ||     1
  Eat: Chunk             |     3 |     5 |     7 ||    15
       Royal jelly       |       |       |     2 ||     2
       Bread ration      |       |       |     1 ||     1
       Meat ration       |       |       |     1 ||     1
Armor: Ring mail         |    22 |    38 |    76 ||   136
       Skin              |       |       |     8 ||     8
Dodge: Dodged            |    37 |    53 |   119 ||   209
